AoeStats
← Orange_Samo

Lombardia

508222092Analyzed
4v4 RM · 12d ago on Sep 21, 2026· 52m 35s· 8 players
Game mode
Random Map
Map size
Large (8 player)
Population
200
Speed
Normal
Resources
Standard
Victory
Conquest
Starting age
Dark Age
Ending age
Imperial Age
RankedLock teamsTeams togetherTeam positionsShared explorationLock speedFull tech treeHidden civsTurbo modeCheats
Victory
Defeat
🇨🇳 Sicilians · China
1130
+7
🇨🇳 Magyars · China
964
+13
🇨🇳 Persians · China
911
+16
🇨🇳 Khmer · China
896
+16
🇫🇷 Sicilians · France
936
-14
910
-13
🇩🇪 Hindustanis · Germany
898
-13
🇹🇷 Burgundians · Türkiye
886
-12
[doGs] Charlie the Bird.
5:34 Loom
12:54 Feudal Age
20:04 Castle Age
17:57 Double-Bit Axe
18:20 Horse Collar
19:58 Town Watch
20:05 Fletching
27:44 Wheelbarrow
27:02 Stone Mining
29:19 Bow Saw
30:16 Gold Mining
30:31 Heavy Plow
32:00 Fortified Wall
35:30 Imperial Age
33:56 Hand Cart
34:35 Murder Holes
35:00 Ballistics
34:44 Yasama
34:52 Bodkin Arrow
34:18 Pikeman
35:30 Town Patrol
35:13 Treadmill Crane
35:24 Guard Tower
36:22 Fervor
36:17 Bracer
36:45 Conscription
37:30 Scale Mail Armor
37:41 Forging
37:43 Masonry
41:37 Gold Shaft Mining
42:17 Two-Man Saw
42:21 Keep
42:47 Chemistry
42:58 Hoardings
42:44 Kataparuto
42:04 Elite Samurai
44:53 Squires
44:40 Arson
45:11 Halberdier
45:37 Gambesons
46:42 Elite Skirmisher
47:27 Thumb Ring
49:44 Iron Casting
49:25 Chain Mail Armor
51:48 Blast Furnace
Orange_Samo
7:35 Loom
10:37 Feudal Age
16:52 Castle Age
16:10 Double-Bit Axe
16:09 Horse Collar
17:24 Bloodlines
17:22 Scale Barding Armor
22:03 Forging
24:44 Husbandry
28:53 Heavy Plow
40:21 Imperial Age
39:02 Wheelbarrow
40:07 Fletching
40:20 Scale Mail Armor
43:56 Hand Cart
Leone_Price
11:17 Feudal Age
11:48 Double-Bit Axe
11:46 Horse Collar
12:53 Wheelbarrow
12:03 Town Watch
sonsehzadee
2:05 Wheelbarrow
10:02 Double-Bit Axe
11:41 Loom
14:09 Feudal Age
12:37 Horse Collar
13:33 Gold Mining
14:07 Stone Mining
15:16 Hand Cart
15:34 Bow Saw
15:42 Heavy Plow
23:11 Castle Age
23:25 Gold Shaft Mining
23:26 Stone Shaft Mining
26:17 Husbandry
27:29 Crop Rotation
33:10 Imperial Age
32:51 Burgundian Vineyards
35:16 Cavalier
36:08 Scale Barding Armor
36:13 Forging
37:14 Chemistry
37:07 Paladin
38:11 Chain Barding Armor
38:27 Iron Casting
38:17 Conscription
50:25 Elite Skirmisher
特浪哥
13:47 Feudal Age
14:15 Horse Collar
14:23 Double-Bit Axe
19:04 Castle Age
19:54 Loom
20:45 Wheelbarrow
21:07 Bow Saw
21:13 Heavy Plow
22:18 Gold Mining
26:20 Gold Shaft Mining
27:24 Hand Cart
32:01 Imperial Age
30:46 Coinage
35:15 Banking
39:39 Caravan
40:48 Crop Rotation
星熠星辰
1:32 Loom
13:32 Feudal Age
17:52 Castle Age
15:54 Gold Mining
16:27 Horse Collar
17:26 Double-Bit Axe
17:58 Stone Mining
20:16 Bow Saw
21:32 Squires
21:19 Arson
24:03 Gold Shaft Mining
25:39 Wheelbarrow
25:17 Heavy Plow
25:28 Pikeman
29:56 Ballistics
29:47 Masonry
31:24 Fletching
31:35 Padded Archer Armor
31:40 Kamandaran
33:01 Forging
33:08 Leather Archer Armor
34:20 Thumb Ring
33:35 Crossbowman
36:01 Bodkin Arrow
36:42 Iron Casting
36:07 Scale Mail Armor
36:13 Scale Barding Armor
36:33 Hand Cart
41:05 Imperial Age
40:14 Chain Mail Armor
40:20 Chain Barding Armor
40:12 Heated Shot
41:46 Stone Shaft Mining
42:24 Capped Ram
43:41 Ring Archer Armor
44:12 Blast Furnace
43:43 Plate Mail Armor
43:48 Plate Barding Armor
44:13 Siege Ram
51:38 Elite War Elephant
52:39 Conscription
51:49 Sappers
52:54 Hoardings
52:31 Citadels
53:00 Architecture
52:26 Murder Holes
53:32 Chemistry
洗白灰
11:41 Feudal Age
10:07 Loom
12:18 Horse Collar
12:26 Double-Bit Axe
17:25 Wheelbarrow
20:25 Castle Age
18:23 Gold Mining
21:09 Scale Mail Armor
21:00 Fletching
21:14 Scale Mail Armor
23:30 Hand Cart
23:56 Stone Mining
23:35 Pikeman
27:08 Heavy Plow
29:42 First Crusade
34:48 Imperial Age
33:25 Town Watch
34:26 Bodkin Arrow
34:46 Chain Mail Armor
34:42 Forging
34:45 Masonry
34:30 Murder Holes
35:54 Conscription
35:04 Elite Serjeant
35:27 Capped Ram
35:44 Halberdier
37:14 Bracer
37:45 Plate Mail Armor
37:51 Iron Casting
37:05 Arrowslits
37:27 Siege Engineers
38:24 Chemistry
37:45 Ballistics
38:17 Siege Ram
39:55 Guilds
40:23 Crop Rotation
41:36 Town Patrol
45:20 Coinage
44:51 Caravan
47:15 Banking
蔡徐坤
11:39 Feudal Age
12:55 Double-Bit Axe
12:54 Horse Collar
16:09 Castle Age
15:01 Stone Mining
17:33 Bow Saw
22:27 Wheelbarrow
24:16 Hand Cart
25:24 Heavy Plow
26:56 Gold Mining
29:35 Gold Shaft Mining
32:31 Imperial Age
29:49 Loom
29:49 Town Watch
30:08 Padded Archer Armor
29:59 Fletching
30:11 Treadmill Crane
30:52 Ballistics
31:34 Leather Archer Armor
31:23 Town Patrol
31:44 Murder Holes
32:00 Masonry
31:48 Bodkin Arrow
33:00 Thumb Ring
33:18 Bracer
33:49 Ring Archer Armor
33:41 Conscription
32:48 Heavy Cavalry Archer
33:53 Parthian Tactics
34:32 Chemistry
33:42 Scale Barding Armor
33:41 Recurve Bow
33:44 Corvinian Army
35:07 Two-Man Saw
34:27 Husbandry
36:37 Crop Rotation
36:31 Bloodlines
37:10 Chain Barding Armor
36:16 Elite Magyar Huszar
39:55 Siege Engineers
40:29 Plate Barding Armor
Connection lost

Rejoining the realm…

Still unreachable

The connection could not be restored.

Session expired

The server has moved on; the page needs a fresh start.